 Dungeon Crawl Stone Soup version 0.30-a0-23-ge60ba3568b (webtiles) character file.

Game seed: 13721097518148022929

559 kareem the Chopper (level 7, -12/36 HPs)
             Began as a Vine Stalker Fighter on Aug 24, 2022.
             Mangled by an orc warrior
             ... wielding a +0 glaive
              (16 damage)
             ... on level 4 of the Dungeon.
             The game lasted 00:06:14 (3331 turns).

kareem the Chopper (Vine Stalker Fighter)           Turns: 3331, Time: 00:06:14

Health: -12/36     AC:  8    Str: 20    XL:     7   Next: 31%
Magic:  0/8        EV:  9    Int: 14    God:
Gold:   156        SH:  5    Dex: 14    Spells: 6/6 levels left

rFire   + . .      SeeInvis .    a - +0 war axe
rCold   . . .      Faith    .    c - +0 buckler
rNeg    . . .      Spirit   +    b - +0 scale mail
rPois   .          Reflect  .    j - +1 helmet
rElec   .          Harm     .    (no cloak)
rCorr   .          Rampage  .    (no gloves)
Will    .....                    (no boots)
Stlth   ..........               w - amulet of the acrobat
HPRegen 0.92/turn                u - +6 ring of intelligence
MPRegen 0.11/turn                h - ring of protection from fire

@: mighty
A: fangs 2, regeneration 1, magic shield, antimagic bite, no potion heal 2
a: no special abilities


You were on level 4 of the Dungeon.
You visited 1 branch of the dungeon, and saw 5 of its levels.

You collected 156 gold pieces.

Inventory:

Hand Weapons
 a - a +0 war axe (weapon)
 k - a +2 antimagic whip
Missiles
 g - 7 poisoned darts (quivered)
Armour
 b - a +0 scale mail (worn)
 c - a +0 buckler (worn)
 f - a +0 robe of resistance
 j - a +1 helmet (worn)
Magical Staves
 o - a staff of poison
Jewellery
 h - a ring of protection from fire (right hand)
 u - a +6 ring of intelligence (left hand)
 w - an amulet of the acrobat (around neck)
Wands
 t - a wand of mindburst (11)
Scrolls
 v - a scroll of magic mapping {unknown}
Potions
 e - a potion of flight {unknown}
 i - 2 potions of curing
 l - 3 potions of magic
 m - a potion of invisibility {unknown}
 n - 3 potions of attraction
 p - a potion of degeneration {unknown}
 q - a potion of cancellation {unknown}
 r - a potion of lignification {unknown}
 s - 2 potions of mutation {unknown}


   Skills:
 + Level 3.3 Fighting
 * Level 6.4 Axes
 - Level 2.4 Armour
 - Level 0.2 Dodging
 + Level 3.3 Shields
 + Level 0.1 Evocations


You had 6 spell levels left.
You didn't know any spells.
Your spell library contained the following spells:

 Spells                   Type           Power      Damage    Failure   Level
 Conjure Flame            Conj/Fire      0%         6-21      97%         3
 Ignite Poison            Fire/Tmut/Pois 0%         N/A       97%         3
 Sticky Flame             Conj/Fire      0%         2d3       100%        4


Dungeon Overview and Level Annotations

Branches:
Dungeon (5/15)
 Temple: D:4-7

Altars:


Innate Abilities, Weirdness & Mutations

You have extremely sharp teeth.
Your natural rate of healing is unusually fast.
When hurt, damage is shared between your health and your magic reserves.
Your bite disrupts and absorbs the magic of your enemies.
Potions cannot restore your health.


Message History

Magic restored.
You climb downwards.
The orc warrior hits you from afar with a +0 glaive!
There is a stone staircase leading up, spattered with blood here.
The orc warrior misses you.
You climb upwards.
There is a stone staircase leading down here.
You start resting.
HP restored.
You start resting.
Magic restored.
You climb downwards.
There is a stone staircase leading up, spattered with blood here.
The orc warrior hits you with a +0 glaive!
The orc wizard hits you but does no damage.
You climb upwards.
There is a stone staircase leading down here.
You hit the orc warrior but do no damage.
Your bite misses the orc warrior. You hit the orc wizard.
The orc warrior hits you with a +0 glaive.
The orc wizard casts a spell.
The orc wizard flickers and vanishes!
Deactivating autopickup; reactivate with Ctrl-A.
The orc warrior barely misses you.
You feel very mighty all of a sudden. Something hits you but does no damage.
The orc warrior hits you with a +0 glaive!
You barely miss the orc warrior. You bite the orc warrior! You drain its power.
You feel invigorated.
The orc warrior is heavily wounded.
You miss something. Something hits you but does no damage.
The orc warrior hits you with a +0 glaive!!
* * * LOW HITPOINT WARNING * * *
Unknown command.
Okay, then.
You slash something!
Reactivating autopickup.
You feel a bit more experienced.
You barely miss the orc warrior.
The orc warrior hits you with a +0 glaive!
You die...

######## ##### ......!#
#...# .#####.#
###.#.#######
.#####.###.......#...##
...........#.#.#......#
.....#.###.......#....#
.#...#.# ###.#.#.##.#.#
.......# #.<.#)##...#
.....### #####@###..#
##...# #o###..###
.....# #######
#........## .....#
#.....# ##.##.#...#
....##
#.....###########.#
.....#
#.....##........#.#
##...#
#.....##.≈≈.§≈§.#.#
.....#
#......#.§≈.§§≈§#.#
.##..#
###.##.'§..§...§'.#


You could see an orc warrior.

Vanquished Creatures
  An ogre (D:3)
  A phantom (D:5)
  A scorpion (D:5)
  A howler monkey (D:5)
  A jelly (D:3)
  An orc priest (D:5)
  4 iguanas
  2 orc wizards
  4 gnolls (D:5)
  A worm (D:3)
  A dart slug (D:1)
  7 orcs
  4 ball pythons
  10 bats
  7 endoplasms
  4 giant cockroaches
  9 goblins
  3 hobgoblins
  3 quokkas
  2 frilled lizards (D:2)
  6 kobolds
  3 rats
76 creatures vanquished.

Vanquished Creatures (others)
  3 plants (D:5)
3 creatures vanquished.

Grand Total: 79 creatures vanquished

Notes
Turn   | Place    | Note
-------+----------+-------------------------------------------
     0 | D:1      | kareem the Vine Stalker Fighter began the quest for the
                  | Orb.
     0 | D:1      | Reached XP level 1. HP: 11/11 MP: 2/2
   122 | D:1      | Reached XP level 2. HP: 16/16 MP: 3/3
   144 | D:1      | Reached skill level 2 in Axes
   644 | D:1      | Reached XP level 3. HP: 19/19 MP: 4/4
   899 | D:2      | You fall into a shaft and drop 2 floors!
  1541 | D:2      | Found a faded altar of an unknown god.
  2001 | D:3      | Reached skill level 3 in Axes
  2001 | D:3      | Gained mutation: Your natural rate of healing is unusually
                  | fast. [Vine Stalker growth]
  2001 | D:3      | Reached XP level 4. HP: 24/24 MP: 5/5
  2261 | D:4      | Noticed an ogre
  2276 | D:3      | Killed an ogre
  2277 | D:3      | Reached skill level 4 in Axes
  2277 | D:3      | Reached XP level 5. HP: 28/28 MP: 6/6
  2530 | D:4      | Reached XP level 6. HP: 32/32 MP: 7/7
  2668 | D:4      | Reached skill level 5 in Axes
  2928 | D:5      | Entered Level 5 of the Dungeon
  3068 | D:5      | Reached skill level 6 in Axes
  3077 | D:5      | Reached XP level 7. HP: 19/36 MP: 4/8
  3331 | D:4      | Mangled by an orc warrior

Illustrated notes

Levels and vault maps discovered:
D:1:      dpeg_arrival_tiny_a, layout_basic
D:2:      layout_loops_ring, ebering_ecumenical_altar_rust
D:3:      layout_basic, bh_walls_and_bars
D:4:      layout_loops_cross, hangedman_abyss_or_decor_passed,
          kennysheep_generic_room_5
D:5:      layout_basic, mainiacjoe_overflow_boulevard, minitemple, serial_bayou,
          serial_bayou_crossing, serial_bayou_pond_e, serial_bayou_pond_d,
          serial_bayou_shore_b, serial_bayou_shore_b

Skill      XL: |  1  2  3  4  5  6 |
---------------+-------------------+-----
Shields        | 3 |  3.3
Axes           | 2 3 4 6 |  6.4
Fighting       | 3 |  3.3
Armour         | |  2.4
Dodging        | |  0.2
Evocations     | |  0.1

Action                   |  1- 3 |  4- 6 |  7- 9 || total
-------------------------+-------+-------+-------++-------
Melee: War axe           |    74 |    89 |    14 ||   177
       Bite              |    13 |    20 |     3 ||    36
Evoke: Wand              |       |     3 |       ||     3
  Use: Scroll            |    10 |     3 |       ||    13
       Potion            |       |       |     1 ||     1
Armor: Scale mail        |    41 |    30 |     8 ||    79
Dodge: Dodged            |    26 |    43 |     9 ||    78
Block: Buckler           |     9 |    29 |       ||    38

Table legend: (Time is in decaauts)
 A = Elapsed time spent in this place.
 B = Non-inter-level travel time spent in this place.
 C = Inter-level travel time spent in this place.
 D = Time resting spent in this place.
 E = Time spent auto-exploring this place.
 F = Levels seen in this place.
 G = Mean time per level.
                   A        B        C        D        E       F      G
               +--------+--------+--------+--------+--------+-----+--------+
         Total |   3399 |   3300 |     99 |    113 |   2456 |   5 |  679.8 |
       Dungeon |   3399 |   3300 |     99 |    113 |   2456 |   5 |  679.8 |
               +--------+--------+--------+--------+--------+-----+--------+

Top non-repeatable levels by time:
     D:1: 797 daAuts
     D:2: 779 daAuts
     D:4: 754 daAuts
     D:3: 711 daAuts
     D:5: 356 daAuts
